 Dungeon Crawl Stone Soup version 0.30.1-11-g7821555f0a (webtiles) character file.

Game seed: 13938139461469965591

109 H0rd4k the Trooper (level 5, -1/43 HPs)
             Began as a Human Artificer on Dec 21, 2023.
             Slain by an orc
             ... wielding a +0 hand axe
              (7 damage)
             ... on level 3 of the Dungeon.
             The game lasted 00:02:36 (1993 turns).

H0rd4k the Trooper (Human Artificer)                Turns: 1993, Time: 00:02:37

Health: -1/43      AC:  3    Str: 12    XL:     5   Next: 13%
Magic:  5/5        EV: 11    Int: 13    God:
Gold:   131        SH:  0    Dex: 14    Spells: 4/4 levels left

rFire   . . .        i - +0 mace
rCold   . . .        (no shield)
rNeg    . . .        b - +0 leather armour
rPois   .            (no helmet)
rElec   .            (no cloak)
rCorr   .            (no gloves)
SInv    .            (no boots)
Will    .....        (no amulet)
Stlth   +            (no ring)
HPRegen 0.27/turn    (no ring)
MPRegen 0.09/turn

%: no passive effects
@: no status effects
A: no striking features
a: no special abilities


You were on level 3 of the Dungeon.
You visited 1 branch of the dungeon, and saw 3 of its levels.

You collected 131 gold pieces.

Inventory:

Hand Weapons
 i - a +0 mace (weapon)
Missiles
 j - 5 poisoned darts
Armour
 b - a +0 leather armour (worn)
Jewellery
 p - a +6 ring of dexterity
Wands
 c - a wand of flame (8) (quivered)
 d - a wand of charming (7)
 e - a wand of iceblast (5)
Scrolls
 a - a scroll of noise {unknown}
 g - 3 scrolls of vulnerability {unknown}
 h - 2 scrolls of amnesia {unknown}
 k - a scroll of fog {unknown}
 m - a scroll of teleportation {unknown}
 n - 2 scrolls of identify {unknown}
Potions
 f - 3 potions of might {unknown}
 l - a potion of degeneration {unknown}
 o - a potion of berserk rage {unknown}
 q - a potion of attraction {unknown}
 r - a potion of brilliance {unknown}


   Skills:
 + Level 4.5 Fighting
 - Level 2.0 Armour
 - Level 1.0 Dodging
 - Level 1.0 Stealth
 - Level 3.0 Evocations


You had 4 spell levels left.
You didn't know any spells.
Your spell library contained the following spells:

 Spells                   Type           Power      Damage    Failure   Level
 Kiss of Death            Conj/Necr      0%         2d5       36%         1
 Summon Small Mammal      Summ           0%         N/A       36%         1
 Call Imp                 Summ           0%         N/A       52%         2
 Call Canine Familiar     Summ           0%         N/A       75%         3
 Confusing Touch          Hex            0%         N/A       75%         3
 Inner Flame              Hex/Fire       0%         N/A       75%         3
 Portal Projectile        Hex/Tloc       0%         N/A       75%         3
 Summon Guardian Golem    Hex/Summ       0%         N/A       75%         3
 Dispel Undead            Necr           0%         3d6       98%         4
 Flame Wave               Conj/Fire      0%         2d4       98%         4
 Leda's Liquefaction      Hex/Erth       0%         N/A       98%         4
 Sticky Flame             Conj/Fire      0%         2d3       98%         4
 Simulacrum               Ice/Necr       0%         N/A       100%        6
 Haunt                    Necr/Summ      0%         N/A       100%        7


Dungeon Overview and Level Annotations

Branches:
Dungeon (3/15)

Altars:

Shops:
D:1 [


Message History

You barely miss the orc. The orc hits you with a +0 hand axe.
The orc closely misses you.
You hit the orc.
The orc is moderately wounded.
The orc misses you.
You barely miss the orc.
The orc is moderately wounded.
The orc hits you with a +0 hand axe.
You closely miss the orc.
The orc is moderately wounded.
The orc hits you with a +0 hand axe. The orc closely misses you.
You thump the orc!
You kill the orc!
The orc priest looks satisfied for a moment.
You closely miss the orc.
An orc wizard appears from thin air!
The orc hits you with a +0 hand axe.
* * * LOW HITPOINT WARNING * * *
The orc wizard gestures wildly while chanting.
The orc wizard flickers and vanishes!
Deactivating autopickup; reactivate with Ctrl-A.
The orc closely misses you.
Unknown command.
Unknown command.
Aiming: Charm
Press: ? - help, Shift-Dir - straight line, f - orc
Aim: an orc, wielding a +0 hand axe (chance to affect: 73%)
The orc struggles to resist.
The orc hits you with a +0 hand axe.
* * * LOW HITPOINT WARNING * * *
Unknown command.
Aiming: Charm
Press: ? - help, Shift-Dir - straight line, f/p - orc
Aim: an orc, wielding a +0 hand axe (chance to affect: 73%)
The orc struggles to resist.
The orc hits you with a +0 hand axe.
* * * LOW HITPOINT WARNING * * *
Unknown command.
Aiming: Charm
Press: ? - help, Shift-Dir - straight line, f/p - orc
Aim: an orc, wielding a +0 hand axe (chance to affect: 73%)
The orc struggles to resist.
The orc hits you with a +0 hand axe!
You die...

# .# ###.. # ...
##... # ...... #?.#
#### ....... #@# ...#
....!...##o#
..............##o##
...............o..#
...............o..#
...##...!.........#
...............[..###
....................#
...................~#


You could see an orc priest and 3 orcs.

Vanquished Creatures
  3 adders
  A dart slug (D:1)
  A worm (D:2)
  2 orcs (D:3)
  3 endoplasms
  A giant cockroach (D:1)
  6 hobgoblins
  4 quokkas
  8 ball pythons
  4 bats
  2 frilled lizards
  7 goblins
  A kobold (D:3)
  7 rats
50 creatures vanquished.

Vanquished Creatures (collateral kills)
  An adder (D:3)
  An orc (D:3)
2 creatures vanquished.

Vanquished Creatures (others)
  An orc wizard (D:3)
1 creature vanquished.

Grand Total: 53 creatures vanquished

Notes
Turn   | Place    | Note
-------+----------+-------------------------------------------
     0 | D:1      | H0rd4k the Human Artificer began the quest for the Orb.
     0 | D:1      | Reached XP level 1. HP: 15/15 MP: 1/1
   326 | D:1      | Reached skill level 2 in Fighting
   326 | D:1      | Reached XP level 2. HP: 5/22 MP: 2/2
   686 | D:1      | Reached XP level 3. HP: 17/28 MP: 3/3
   888 | D:1      | Reached skill level 3 in Fighting
   944 | D:1      | Found Gougov's Armour Emporium.
   958 | D:1      | Got the Monograph on Ice and Support
  1267 | D:2      | Reached XP level 4. HP: 34/35 MP: 4/4
  1901 | D:3      | Reached skill level 4 in Fighting
  1979 | D:3      | Reached XP level 5. HP: 24/43 MP: 5/5
  1993 | D:3      | Slain by an orc

Illustrated notes

Levels and vault maps discovered:
D:1:      matt_arrival_spirals, layout_basic, serial_shops,
          nicolae_shop_pleasant_corner_grove, kennysheep_doodads
D:2:      layout_loops_ring
D:3:      kennysheep_the_goblin_king, layout_rooms, gup_sewer_entry_pipe,
          serial_shops, shop

Skill      XL: |  1  2  3  4 |
---------------+-------------+-----
Fighting       | 2 3 4 |  4.5
Armour         | |  2.0
Dodging        | |  1.0
Stealth        | |  1.0
Evocations     | |  3.0

Action                     |  1- 3 |  4- 6 || total
---------------------------+-------+-------++-------
  Melee: Club              |    49 |       ||    49
         Mace              |    58 |    57 ||   115
  Evoke: Wand              |     6 |     9 ||    15
   Stab: Sleeping          |     2 |     2 ||     4
 Armour: Leather armour    |    34 |    15 ||    49
  Dodge: Dodged            |    85 |    46 ||   131
